SL
NORTHERN VIRGINIA RAINBOW MERMAIDS @ PHOENIX HOTSPUR
08/22/2027
 
TOP OF THE 1ST
Northern Virginia Rainbow Mermaids batting - Pitching for Phoenix Hotspur : LHP Alejandro Guerra
Pitching: LHP Alejandro Guerra
Batting: RHB Alfredo Pizarro 0-0: Ball
1-0: Ball
2-0: Ball
3-0: Called Strike
3-1: Base on Balls
Batting: RHB Brett Callison 0-0: Ball
1-0: Swinging Strike
1-1: Foul Ball, location: 2F
1-2: Foul Ball, location: 2F
1-2: Strikes out looking
Batting: RHB Shohei Kiyomizu 0-0: SINGLE (Groundball, 6MD)
Alfredo Pizarro to second
Batting: RHB Arlen Joysey 0-0: Called Strike
0-1: Ball
1-1: Called Strike
1-2: Ball
2-2: Foul Ball, location: 2F
2-2: Ball
3-2: Strikes out swinging
Batting: RHB Ed Adams 0-0: Swinging Strike
0-1: Ball
1-1: Ball
2-1: Fly out, F9 (Flyball, 89S)
Top of the 1st over - 0 run(s), 1 hit(s), 0 error(s), 2 left on base; Northern Virginia 0 - Phoenix 0
BOTTOM OF THE 1ST
Phoenix Hotspur batting - Pitching for Northern Virginia Rainbow Mermaids : LHP Raúl Gómez
Pitching: LHP Raúl Gómez
Batting: RHB Roland Deschain 0-0: Called Strike
0-1: Ground out 6-3 (Groundball, 6)
Batting: RHB António Padilla 0-0: Ball
1-0: Ball
2-0: Ball
3-0: Base on Balls
Batting: RHB Randy Rehling 0-0: Called Strike
0-1: Ball
1-1: Foul Ball, location: 2F
1-2: Strikes out swinging
Batting: RHB Gabriel Pérez 0-0: Ball
1-0: Ball
2-0: Ball
3-0: Called Strike
3-1: Fly out, F9 (Flyball, 9LM)
Bottom of the 1st over - 0 run(s), 0 hit(s), 0 error(s), 1 left on base; Northern Virginia 0 - Phoenix 0
TOP OF THE 2ND
Northern Virginia Rainbow Mermaids batting - Pitching for Phoenix Hotspur : LHP Alejandro Guerra
Batting: LHB Roberto Sánchez 0-0: Ball
1-0: Called Strike
1-1: Ground out U3 (Groundball, 34)
Batting: RHB Ethan Miller 0-0: Ball
1-0: Ball
2-0: Called Strike
2-1: Called Strike
2-2: Ball
3-2: Foul Ball, location: 2F
3-2: Ground out 6-3 (Groundball, 6)
Batting: LHB Munemori Ohara 0-0: Ground out 5-3 (Groundball, 56S)
Top of the 2nd over - 0 run(s), 0 hit(s), 0 error(s), 0 left on base; Northern Virginia 0 - Phoenix 0
BOTTOM OF THE 2ND
Phoenix Hotspur batting - Pitching for Northern Virginia Rainbow Mermaids : LHP Raúl Gómez
Batting: LHB Mario Cruz 0-0: Swinging Strike
0-1: Called Strike
0-2: Strikes out swinging
Batting: RHB Ted Cook 0-0: Ball
1-0: Ground out 6-3 (Groundball, 6)
Batting: SHB Pedro Gómez 0-0: Ground out 5-3 (Groundball, 56)
Bottom of the 2nd over - 0 run(s), 0 hit(s), 0 error(s), 0 left on base; Northern Virginia 0 - Phoenix 0
TOP OF THE 3RD
Northern Virginia Rainbow Mermaids batting - Pitching for Phoenix Hotspur : LHP Alejandro Guerra
Batting: RHB Miguel Cruz 0-0: Ball
1-0: Foul Ball, location: 2F
1-1: DOUBLE (Groundball, 5L)
Batting: RHB Alfredo Pizarro 0-0: Foul Ball, location: 2F
0-1: Called Strike
0-2: Ball
1-2: Ball
2-2: Fly out, F8 (Flyball, 8RM)
Batting: RHB Brett Callison 0-0: Called Strike
0-1: Foul Ball, location: 2F
0-2: Ball
1-2: Ball
2-2: Foul Ball, location: 2F
2-2: Ball
3-2: SINGLE (Groundball, 6D)
Miguel Cruz to third
Runner from 3rd tries for Home, SAFE, no throw
Batting: RHB Shohei Kiyomizu 0-0: Ball
1-0: Ball
2-0: Fly out, F6 (Flyball, 6MD)
Batting: RHB Arlen Joysey 0-0: Fly out, F8 (Flyball, 8LM)
Top of the 3rd over - 1 run(s), 2 hit(s), 0 error(s), 1 left on base; Northern Virginia 1 - Phoenix 0
BOTTOM OF THE 3RD
Phoenix Hotspur batting - Pitching for Northern Virginia Rainbow Mermaids : LHP Raúl Gómez
Batting: LHB Luis Díaz 0-0: Swinging Strike
0-1: Foul Ball, location: 2F
0-2: Ball
1-2: Ground out 1-3 (Groundball, 13)
Batting: SHB Jesús González 0-0: Ball
1-0: Ball
2-0: Called Strike
2-1: Ball
3-1: Foul Ball, location: 2F
3-2: Strikes out swinging
Batting: RHB Roland Deschain 0-0: Ball
1-0: Ground out 5-3 (Groundball, 5)
Bottom of the 3rd over - 0 run(s), 0 hit(s), 0 error(s), 0 left on base; Northern Virginia 1 - Phoenix 0
TOP OF THE 4TH
Northern Virginia Rainbow Mermaids batting - Pitching for Phoenix Hotspur : LHP Alejandro Guerra
Batting: RHB Ed Adams 0-0: Called Strike
0-1: Foul Ball, location: 2F
0-2: Ball
1-2: Foul Ball, location: 2F
1-2: Fly out, F8 (Flyball, 78D)
Batting: LHB Roberto Sánchez 0-0: Foul Ball, location: 2F
0-1: Ball
1-1: Ball
2-1: Swinging Strike
2-2: Strikes out swinging
Batting: RHB Ethan Miller 0-0: Called Strike
0-1: Ball
1-1: Swinging Strike
1-2: Foul Ball, location: 2F
1-2: Foul Ball, location: 2F
1-2: Strikes out looking
Top of the 4th over - 0 run(s), 0 hit(s), 0 error(s), 0 left on base; Northern Virginia 1 - Phoenix 0
BOTTOM OF THE 4TH
Phoenix Hotspur batting - Pitching for Northern Virginia Rainbow Mermaids : LHP Raúl Gómez
Batting: RHB António Padilla 0-0: SINGLE (Groundball, 34D)
Batting: RHB Randy Rehling 0-0: Called Strike
0-1: Ball
1-1: Foul Ball, location: 2F
1-2: Ball
2-2: Ball
3-2: Foul Ball, location: 2F
3-2: Foul Ball, location: 2F
3-2: Foul Ball, location: 2F
3-2: Strikes out swinging
Batting: RHB Gabriel Pérez 0-0: Ball
1-0: 2-RUN HOME RUN (Flyball, 7D), Distance : 378 ft
Batting: LHB Mario Cruz 0-0: Ground out 4-3 (Groundball, 4M)
Batting: RHB Ted Cook 0-0: Fly out, F9 (Flyball, 9)
Bottom of the 4th over - 2 run(s), 2 hit(s), 0 error(s), 0 left on base; Northern Virginia 1 - Phoenix 2
TOP OF THE 5TH
Northern Virginia Rainbow Mermaids batting - Pitching for Phoenix Hotspur : LHP Alejandro Guerra
Batting: LHB Munemori Ohara 0-0: Foul Ball, location: 2F
0-1: Foul Ball, location: 2F
0-2: Ball
1-2: Fly out, F6 (Line Drive, 6M)
Batting: RHB Miguel Cruz 0-0: Ground out 6-3 (Groundball, 6)
Batting: RHB Alfredo Pizarro 0-0: Ball
1-0: Ball
2-0: Called Strike
2-1: Foul Ball, location: 2F
2-2: Strikes out swinging
Top of the 5th over - 0 run(s), 0 hit(s), 0 error(s), 0 left on base; Northern Virginia 1 - Phoenix 2
BOTTOM OF THE 5TH
Phoenix Hotspur batting - Pitching for Northern Virginia Rainbow Mermaids : LHP Raúl Gómez
Batting: SHB Pedro Gómez 0-0: Ball
1-0: Foul Ball, location: 2F
1-1: Ground out 5-3 (Groundball, 56)
Batting: LHB Luis Díaz 0-0: Ball
1-0: Ball
2-0: Ball
3-0: Foul Ball, location: 2F
3-1: Base on Balls
Batting: SHB Jesús González 0-0: Foul Ball, location: 2F
0-1: Ball
1-1: Ball
2-1: Swinging Strike
2-2: Ball
3-2: Grounds into double play, 5-4-3 (Groundball, 5)
Bottom of the 5th over - 0 run(s), 0 hit(s), 0 error(s), 0 left on base; Northern Virginia 1 - Phoenix 2
TOP OF THE 6TH
Northern Virginia Rainbow Mermaids batting - Pitching for Phoenix Hotspur : LHP Alejandro Guerra
Batting: RHB Brett Callison 0-0: Ball
1-0: Ball
2-0: Ball
3-0: Base on Balls
Batting: RHB Shohei Kiyomizu 0-0: Called Strike
0-1: Foul Ball, location: 2F
0-2: Ball
1-2: Foul Ball, location: 2F
1-2: Foul Ball, location: 2F
1-2: Foul Ball, location: 2F
1-2: Ball
2-2: Ball
3-2: SINGLE (Line Drive, 7S)
Brett Callison to second
Brett Callison to third
Batting: RHB Arlen Joysey 0-0: Ball
1-0: Ball
2-0: Called Strike
2-1: Swinging Strike
2-2: Foul Ball, location: 2F
2-2: Grounds into double play, 6-4-3 (Groundball, 6)
Brett Callison scores
Batting: RHB Ed Adams 0-0: Ball
1-0: Called Strike
1-1: Ground out 6-3 (Groundball, 6)
Top of the 6th over - 1 run(s), 1 hit(s), 0 error(s), 0 left on base; Northern Virginia 2 - Phoenix 2
BOTTOM OF THE 6TH
Phoenix Hotspur batting - Pitching for Northern Virginia Rainbow Mermaids : LHP Raúl Gómez
Batting: RHB Roland Deschain 0-0: Fly out, F7 (Line Drive, 78M)
Batting: RHB António Padilla 0-0: Ball
1-0: SINGLE (Line Drive, 56D)
Batting: RHB Randy Rehling 0-0: Ball
1-0: Foul Ball, location: 2F
1-1: Ball
2-1: Ball
3-1: Foul Ball, location: 2F
3-2: Grounds into double play, 5-4-3 (Groundball, 56)
Bottom of the 6th over - 0 run(s), 1 hit(s), 0 error(s), 0 left on base; Northern Virginia 2 - Phoenix 2
TOP OF THE 7TH
Northern Virginia Rainbow Mermaids batting - Pitching for Phoenix Hotspur : LHP Alejandro Guerra
Batting: LHB Roberto Sánchez 0-0: Foul Ball, location: 2F
0-1: Swinging Strike
0-2: SOLO HOME RUN (Flyball, 9LD), Distance : 347 ft
Batting: RHB Ethan Miller 0-0: Foul Ball, location: 2F
0-1: Ball
1-1: Ball
2-1: Foul Ball, location: 2F
2-2: Ball
3-2: Base on Balls
Pitching: LHP Edgar Capello
Batting: LHB Munemori Ohara 0-0: Sac Bunt - play at first, batter OUT! 2-3
Ethan Miller to second
Batting: RHB Miguel Cruz 0-0: Ball
1-0: Called Strike
1-1: Swinging Strike
1-2: Ball
2-2: Ground out 5-3 (Groundball, 5S)
Ethan Miller to third
Batting: RHB Alfredo Pizarro 0-0: Ball
1-0: Called Strike
1-1: Ball
2-1: Fly out, F6 (Popup, 6)
Top of the 7th over - 1 run(s), 1 hit(s), 0 error(s), 1 left on base; Northern Virginia 3 - Phoenix 2
BOTTOM OF THE 7TH
Phoenix Hotspur batting - Pitching for Northern Virginia Rainbow Mermaids : LHP Raúl Gómez
Now at C: Ju-chan Pak
Batting: RHB Gabriel Pérez 0-0: Ball
1-0: Called Strike
1-1: Foul Ball, location: 2F
1-2: Foul Ball, location: 2F
1-2: Strikes out swinging, 2-3 out at first.
Batting: LHB Mario Cruz 0-0: Ball
1-0: Swinging Strike
1-1: Foul Ball, location: 2F
1-2: Foul Ball, location: 2F
1-2: Foul Ball, location: 2F
1-2: Strikes out swinging
Batting: RHB Ted Cook 0-0: Ball
1-0: Foul Ball, location: 2F
1-1: Foul Ball, location: 2F
1-2: Foul Ball, location: 2F
1-2: SINGLE (Groundball, 34D)
Batting: SHB Pedro Gómez 0-0: Ball
1-0: Called Strike
1-1: Ball
2-1: Foul Ball, location: 2F
2-2: Ground out 5-3 (Groundball, 56)
Bottom of the 7th over - 0 run(s), 1 hit(s), 0 error(s), 1 left on base; Northern Virginia 3 - Phoenix 2
TOP OF THE 8TH
Northern Virginia Rainbow Mermaids batting - Pitching for Phoenix Hotspur : LHP Edgar Capello
Batting: RHB Brett Callison 0-0: Ball
1-0: Called Strike
1-1: Ball
2-1: Called Strike
2-2: Foul Ball, location: 2F
2-2: Ball
3-2: Base on Balls
Batting: RHB Shohei Kiyomizu 0-0: Called Strike
0-1: Ball
1-1: Swinging Strike
1-2: Ball
2-2: Strikes out swinging
Batting: RHB Arlen Joysey 0-0: Ball
1-0: Fly out, F8 (Flyball, 8LS)
Batting: RHB Ed Adams 0-0: Called Strike
0-1: Ball
1-1: Swinging Strike
1-2: Ball
2-2: Ball
3-2: Base on Balls
Brett Callison to second
Batting: LHB Roberto Sánchez 0-0: Ball
1-0: DOUBLE (Flyball, 78XD)
Brett Callison scores
Ed Adams to third
Batting: RHB Ju-chan Pak 0-0: Swinging Strike
0-1: Foul Ball, location: 2F
0-2: Ball
1-2: Strikes out swinging
Top of the 8th over - 1 run(s), 1 hit(s), 0 error(s), 2 left on base; Northern Virginia 4 - Phoenix 2
BOTTOM OF THE 8TH
Phoenix Hotspur batting - Pitching for Northern Virginia Rainbow Mermaids : LHP Raúl Gómez
Batting: LHB Luis Díaz 0-0: Ball
1-0: Swinging Strike
1-1: Swinging Strike
1-2: Ball
2-2: Foul Ball, location: 2F
2-2: Foul Ball, location: 2F
2-2: Strikes out swinging
Batting: SHB Jesús González 0-0: Ball
1-0: Ball
2-0: Ball
3-0: Called Strike
3-1: Base on Balls
Pitching: LHP Ilie Paunescu
Batting: RHB Roland Deschain 0-0: Called Strike
0-1: Called Strike
0-2: Foul Ball, location: 2F
0-2: Ball
1-2: Ball
2-2: Ball
3-2: Fly out, F8 (Line Drive, 8LS)
Batting: RHB António Padilla 0-0: Swinging Strike
0-1: Ball
1-1: Fly out, F4 (Line Drive, 4)
Bottom of the 8th over - 0 run(s), 0 hit(s), 0 error(s), 1 left on base; Northern Virginia 4 - Phoenix 2
TOP OF THE 9TH
Northern Virginia Rainbow Mermaids batting - Pitching for Phoenix Hotspur : LHP Edgar Capello
Batting: LHB Munemori Ohara 0-0: Foul Ball, location: 2F
0-1: Ground out 4-3 (Groundball, 4D)
Batting: RHB Miguel Cruz 0-0: Fly out, F8 (Flyball, 89M)
Batting: RHB Alfredo Pizarro 0-0: Ball
1-0: Foul Ball, location: 2F
1-1: Fly out, F9 (Flyball, 89S)
Top of the 9th over - 0 run(s), 0 hit(s), 0 error(s), 0 left on base; Northern Virginia 4 - Phoenix 2
BOTTOM OF THE 9TH
Phoenix Hotspur batting - Pitching for Northern Virginia Rainbow Mermaids : LHP Ilie Paunescu
Batting: RHB Randy Rehling 0-0: Fly out, F8 (Flyball, 8RD)
Batting: RHB Gabriel Pérez 0-0: Ground out 6-3 (Groundball, 6)
Batting: LHB Mario Cruz 0-0: Ball
1-0: Called Strike
1-1: Ball
2-1: Foul Ball, location: 2F
2-2: Foul Ball, location: 2F
2-2: Ground out 1-3 (Groundball, 15)
Bottom of the 9th over - 0 run(s), 0 hit(s), 0 error(s), 0 left on base; Northern Virginia 4 - Phoenix 2
Saturday, May 26th, 2018 - OOTP Baseball 17.12 Build 75